 Dungeon Crawl Stone Soup version 0.21.1 (webtiles) character file.

87291 Azo the Thaumaturge (level 15, -14/113 HPs)
             Began as a Gnoll Wizard on Jan 30, 2018.
             Was the Champion of Ru.
             Killed from afar by Aizul (25 damage)
             ... with a bolt of poison
             ... on level 1 of the Snake Pit on Feb 3, 2018.
             The game lasted 05:00:35 (33240 turns).

Azo the Thaumaturge (Gnoll Wizard)                 Turns: 33240, Time: 05:00:36

Health: -14/113    AC: 14    Str: 10    XL:     15   Next: 90%
Magic:  7/30       EV: 20    Int: 26    God:    Ru [******]
Gold:   1949       SH:  6    Dex: 14    Spells: 11/36 levels left

rFire    . . .     SeeInvis +   a - +3 trident (venom)
rCold    + . .     Gourm    +   p - +0 buckler
rNeg     + . .     Faith    .   i - +3 ring mail
rPois    .         Spirit   .   Y - +0 helmet {SInv}
rElec    .         Reflect  .   g - +2 cloak {rC+}
rCorr    .         Harm     .   J - +2 pair of gloves
MR       +....                  o - +0 pair of boots
Stlth    ..........             L - amulet of the gourmand
HPRegen  0.28/turn              q - ring of positive energy
MPRegen  0.22/turn              X - +5 ring of evasion

@: lethally poisoned (-14 -> -37), exhausted, drained
A: distributed training, fangs 1, no stealth, hated by all, reduced AC 1,
disrupted magic 1, unskilled 1, strong nose
a: Draw Out Power, Power Leap, Apocalypse, Renounce Religion


You were on level 1 of the Snake Pit.
You worshipped Ru.
Ru was exalted by your worship.
You were not hungry.

You visited 5 branches of the dungeon, and saw 22 of its levels.
You also visited: Labyrinth and Ice Cave.

You collected 1949 gold pieces.

Inventory:

Hand Weapons
 a - a +3 trident of venom (weapon)
 b - a +0 blowgun
 R - the +2 hand axe "With Two Names" {flame, rPois rN++ MP-9 SInv}
   (You found it on level 6 of the Lair of Beasts)

   It has been specially enchanted to burn those struck by it, causing extra
   injury to most foes and up to half again as much damage against particularly
   susceptible opponents.
   Big, fiery blades are also staple armaments of hydra-hunters.
   It protects you from poison.
   It greatly protects you from negative energy.
   It affects your magic capacity (-9).
   It lets you see invisible.
Missiles
 k - 35 poisoned needles
 t - 4 needles of confusion
Armour
 c - a +2 chain mail of fire resistance
 g - a +2 cloak of cold resistance (worn)
 i - a +3 ring mail (worn)
 o - a +0 pair of boots (worn)
 p - a +0 buckler (worn)
 J - a +2 pair of gloves (worn)
 Y - a +0 helmet of see invisible (worn)
Jewellery
 q - a ring of positive energy (left hand)
 z - an uncursed ring of protection from fire
 H - an uncursed ring of ice
 L - an amulet of the gourmand (around neck)
 X - a +5 ring of evasion (right hand)
Wands
 u - a wand of digging (33)
 y - a wand of polymorph (45)
 M - a wand of scattershot (1)
 N - a wand of acid (31)
 O - a wand of disintegration (21)
 P - a wand of clouds (3)
 Q - a wand of iceblast (26)
 U - a wand of paralysis (15)
Scrolls
 e - a scroll of identify
 f - 6 scrolls of teleportation
 h - 2 scrolls of blinking
 l - a scroll of remove curse
 m - 2 scrolls of fear
 n - a scroll of magic mapping
 I - 2 scrolls of fog
Potions
 j - a potion of magic
 s - a potion of flight
 w - 4 potions of invisibility
 x - a potion of mutation
 A - 3 potions of heal wounds
 B - 11 potions of curing
 C - 4 potions of haste
 D - 2 potions of berserk rage
 E - 3 potions of brilliance
 F - a potion of resistance
 G - 3 potions of cancellation
Comestibles
 d - 40 rations


   Skills:
 + Level 9.3(8.7) Fighting
 + Level 9.3(8.7) Short Blades
 + Level 9.3(8.7) Long Blades
 + Level 9.3(8.7) Axes
 + Level 9.3(8.7) Maces & Flails
 + Level 9.3(8.7) Polearms
 + Level 9.3(8.7) Staves
 + Level 9.3(8.7) Slings
 + Level 9.3(8.7) Bows
 + Level 9.3(8.7) Crossbows
 + Level 9.3(8.7) Throwing
 + Level 9.3(8.7) Armour
 + Level 10.2(9.6) Dodging
   Level 0.0 Stealth
 + Level 9.3(8.7) Shields
 + Level 9.3(8.7) Unarmed Combat
 + Level 11.2(10.6) Spellcasting
 + Level 8.1(7.5) Conjurations
 + Level 7.8(7.2) Hexes
 + Level 7.8(7.2) Charms
 + Level 8.1(7.5) Summonings
 + Level 7.8(7.2) Necromancy
 + Level 8.1(7.5) Translocations
 + Level 7.8(7.2) Transmutations
 + Level 7.8(7.2) Fire Magic
 + Level 7.8(7.2) Ice Magic
 + Level 7.8(7.2) Air Magic
 + Level 7.8(7.2) Earth Magic
 + Level 7.8(7.2) Poison Magic
 + Level 10.1(9.5) Invocations
 + Level 9.3(8.7) Evocations


You had 11 spell levels left.
You knew the following spells:

 Your Spells              Type           Power        Failure   Level  Hunger
a - Throw Icicle          Conj/Ice       ######..     7%          4    None
b - Mephitic Cloud        Conj/Pois/Air  ######..     2%          3    None
c - Blink                 Tloc           N/A          1%          2    None
d - Conjure Flame         Conj/Fire      ######..     2%          3    None
e - Slow                  Hex            ######..     1%          2    None
f - Bolt of Cold          Conj/Ice       ######....   65%         6    #####..
g - Metabolic Englaciati  Hex/Ice        ######....   19%         5    ####...


Dungeon Overview and Level Annotations

Branches:
Dungeon (12/15)            Temple (1/1) D:5            Lair (6/6) D:10
 Shoals (2/4) Lair:4        Snake (1/4) Lair:4        Slime (0/5) Lair:6
    Orc (0/2) D:12

Altars:
Ashenzari
Cheibriados
Dithmenos
Elyvilon
Fedhas
Gozag
Hepliaklqana
Kikubaaqudgha
Makhleb
Nemelex Xobeh
Okawaru
Qazlal
Ru
Sif Muna
Trog
Uskayaw
Vehumet
Wu Jian
Xom
Yredelemnul
Zin
The Shining One
Beogh

Annotations:
Snake:1 Aizul


Innate Abilities, Weirdness & Mutations

Your experience applies equally to all skills.
You have very sharp teeth.
You cannot be stealthy.
You are hated by all.
You take slightly more damage. (AC -5)
Your casting is slightly disrupted.
You are somewhat unskilled. (-1 Apt)
Your uncanny sense of smell can sniff out nearby items.


Message History

Aim: Aizul (severely wounded)
You hit Aizul. Your bite misses Aizul.
Aizul is severely wounded.
Aizul hits you!
Evoke which item? (* to show all) (? for menu, Esc to quit)
Aiming: Corrosive Bolt
Press: ? - help, Shift-Dir - straight line, f/p - Aizul
Aim: Aizul (severely wounded)
The bolt of acid hits Aizul.
Aizul is splashed with acid.
The acid corrodes Aizul!
Aizul is almost dead.
Aizul casts a spell at you. The bolt of poison hits you!
You are poisoned.
* * * LOW HITPOINT WARNING * * *
You focus your will and blind Aizul in retribution!
Aizul casts a spell at you. The bolt of poison hits you!
You are lethally poisoned!
You die...

.......## #.# ........# #. #.#
∆ #######.# #. #.# ### #.#
##.##.# ... #.## #.....#
#####.# #..# #.....#.# #......
##.###.....#.##+#.....#
#..##...S(#..........####
##.###'##@#.............## #.#
##.#............... #.#
#.......###......## #.##
#............##.... #..#
#...........)##.... ##.#
##.#.........##.... #.#
#.#####.....######
#.##.##..?..'.....# #
#######..#.########.....######


You could see Aizul (blind).

Vanquished Creatures
  Gastronok (D:8)
  A fire dragon (Lair:6)
  The ghost of newuser the Fighter, a journeyman HuAr of Kikubaaqudgha (Lair:1)
  3 hydras
  A catoblepas (Lair:6)
  A naga warrior (Snake:1)
  Erica (D:10)
  4 two-headed ogres
  13 death yaks
  Urug (Lair:2)
  4 naga sharpshooters (Snake:1)
  A fire crab (Lair:6)
  A salamander mystic (Snake:1)
  2 sea snakes (Shoals:1)
  3 unseen horrors
  4 harpies (Shoals:1)
  A necromancer (IceCv)
  An oklob plant (Lair:1)
  6 fauns (Shoals:1)
  2 ugly things (D:11)
  2 manticores
  9 cyclopes
  2 salamanders (Snake:1)
  3 elephants (Lair:6)
  A centaur zombie (D:12)
  3 merfolk sirens (Lair:4)
  Joseph (D:8)
  9 black mambas
  An ice statue (IceCv)
  2 molten gargoyles (Lair:6)
  Maurice (D:11)
  2 naga magi (Snake:1)
  A torpor snail (Lair:6)
  6 rime drakes
  9 spiny frogs
  10 freezing wraiths (IceCv)
  12 komodo dragons
  A troll (D:10)
  A polar bear (Lair:3)
  6 merfolk (Shoals:1)
  A wind drake (Shoals:1)
  9 blink frogs
  Grinder (D:3)
  A snapping turtle (Shoals:1)
  11 dream sheep
  7 hippogriffs
  Sigmund (D:2)
  A wyvern (Lair:6)
  28 yaks
  2 water elementals (Shoals:1)
  5 basilisks
  A death yak simulacrum (IceCv)
  2 steam dragons
  12 nagas (Snake:1)
  3 hell hounds (Lair:6)
  11 porcupines
  20 water moccasins
  4 orc warriors
  9 ice beasts
  A hornet zombie (D:7)
  A sky beast (D:10)
  An eye of draining (D:9)
  A black bear (D:11)
  3 wolves (Lair:4)
  An ogre (D:8)
  2 phantoms
  7 centaurs
  8 crocodiles
  18 bullfrogs
  3 gnoll sergeants
  2 scorpions
  An elephant simulacrum (IceCv)
  9 killer bees
  23 wights
  An electric eel (D:11)
  5 lava snakes (Lair:6)
  2 bullfrog zombies
  5 crimson imps
  3 quasits
  5 draconian simulacra (IceCv)
  4 jellies
  4 hounds
  2 centaur skeletons
  8 orc priests
  12 orc wizards
  Jessica (D:3)
  10 worker ants
  2 hell rats (Lair:6)
  A polar bear simulacrum (IceCv)
  5 troll simulacra (IceCv)
  A wolf simulacrum (IceCv)
  2 spriggan simulacra (IceCv)
  3 centaur simulacra (IceCv)
  A hound skeleton (D:11)
  A worker ant zombie (D:6)
  11 gnolls
  11 adders
  2 naga simulacra (IceCv)
  2 river rats (Lair:6)
  2 ogre simulacra (IceCv)
  A shadow imp (D:6)
  12 white imps (IceCv)
  3 oozes
  3 worms
  2 dart slugs
  3 leopard geckos
  50 orcs
  3 ball pythons
  9 bats
  3 giant cockroaches
  9 hobgoblins
  5 kobolds
  6 quokkas
  A ball python zombie (D:5)
  4 goblins
  A jackal zombie (D:9)
  A leopard gecko skeleton (D:4)
  17 rats
  16 plants
599 creatures vanquished.

Vanquished Creatures (collateral kills)
  A merfolk siren (Lair:4)
1 creature vanquished.

Vanquished Creatures (others)
  2 death yaks
  A cyclops (Shoals:1)
  A black mamba (Lair:6)
  A hippogriff (Lair:6)
  A vampire (D:9)
  4 yaks
  A naga (Snake:1)
  A bullfrog (Lair:4)
  A hell rat (Lair:6)
  A centaur simulacrum (IceCv)
  A river rat (Lair:6)
  2 orcs (D:12)
  A bush (Lair:4)
  22 fungi
  17 plants
57 creatures vanquished.

Grand Total: 657 creatures vanquished

Notes
Turn   | Place    | Note
-------+----------+-------------------------------------------
     0 | D:1      | Azo the Gnoll Wizard began the quest for the Orb.
     0 | D:1      | Reached XP level 1. HP: 13/13 MP: 8/8
   108 | D:1      | Reached XP level 2. HP: 15/19 MP: 5/10
   644 | D:1      | Reached XP level 3. HP: 25/25 MP: 3/11
   670 | D:1      | Learned a level 3 spell: Mephitic Cloud
   673 | D:1      | Learned a level 2 spell: Blink
   677 | D:1      | Learned a level 3 spell: Conjure Flame
   700 | D:1      | Learned a level 2 spell: Slow
  1257 | D:2      | Reached skill level 1 in Invocations
  1373 | D:2      | Reached skill level 1 in Fighting
  1373 | D:2      | Reached skill level 1 in Short Blades
  1373 | D:2      | Reached skill level 1 in Long Blades
  1373 | D:2      | Reached skill level 1 in Axes
  1373 | D:2      | Reached skill level 1 in Maces & Flails
  1373 | D:2      | Reached skill level 1 in Polearms
  1373 | D:2      | Reached skill level 1 in Staves
  1373 | D:2      | Reached skill level 1 in Slings
  1373 | D:2      | Reached skill level 1 in Bows
  1373 | D:2      | Reached skill level 1 in Crossbows
  1373 | D:2      | Reached skill level 1 in Throwing
  1373 | D:2      | Reached skill level 1 in Armour
  1373 | D:2      | Reached skill level 1 in Shields
  1373 | D:2      | Reached skill level 1 in Unarmed Combat
  1373 | D:2      | Reached skill level 1 in Evocations
  1385 | D:2      | Upgraded the game from 0.21.0-36-ge3e1d5aaab to 0.21.0-37-g46506fa5f3
  1395 | D:2      | Noticed Sigmund
  2352 | D:2      | Killed Sigmund
  2352 | D:2      | Reached skill level 1 in Hexes
  2352 | D:2      | Reached skill level 1 in Charms
  2352 | D:2      | Reached skill level 1 in Necromancy
  2352 | D:2      | Reached skill level 1 in Transmutations
  2352 | D:2      | Reached skill level 1 in Fire Magic
  2352 | D:2      | Reached skill level 1 in Ice Magic
  2352 | D:2      | Reached skill level 1 in Air Magic
  2352 | D:2      | Reached skill level 1 in Earth Magic
  2352 | D:2      | Reached skill level 1 in Poison Magic
  2352 | D:2      | Reached XP level 4. HP: 32/32 MP: 5/13
  2352 | D:2      | Reached XP level 5. HP: 37/37 MP: 5/14
  2525 | D:3      | Noticed Grinder
  2551 | D:3      | Paralysed by Grinder for 7 turns
  2559 | D:3      | Paralysed by Grinder for 4 turns
  2568 | D:3      | Reached XP level 6. HP: 37/44 MP: 13/16
  2574 | D:3      | Killed Grinder
  2574 | D:3      | Reached skill level 5 in Dodging
  2574 | D:3      | Reached XP level 7. HP: 43/50 MP: 15/18
  2761 | D:3      | Noticed Jessica
  2776 | D:3      | Killed Jessica
  3046 | D:3      | Found a sacrificial altar of Ru.
  3109 | D:3      | Became a worshipper of Ru the Awakened
  4419 | D:5      | Entered Level 5 of the Dungeon
  4687 | D:5      | Found a staircase to the Ecumenical Temple.
  4691 | Temple   | Entered the Ecumenical Temple
  5107 | D:5      | Reached skill level 5 in Stealth
  5468 | D:5      | Reached XP level 8. HP: 48/57 MP: 12/19
  6810 | D:6      | Reached skill level 8 in Spellcasting
  7607 | D:6      | Reached XP level 9. HP: 50/65 MP: 9/21
  8471 | D:8      | Found a hazy altar of Hepliaklqana.
  8574 | D:8      | Noticed Gastronok
  8600 | D:8      | Killed Gastronok
  8600 | D:8      | Reached skill level 5 in Fighting
  8600 | D:8      | Reached skill level 5 in Short Blades
  8600 | D:8      | Reached skill level 5 in Long Blades
  8600 | D:8      | Reached skill level 5 in Axes
  8600 | D:8      | Reached skill level 5 in Maces & Flails
  8600 | D:8      | Reached skill level 5 in Polearms
  8600 | D:8      | Reached skill level 5 in Staves
  8600 | D:8      | Reached skill level 5 in Slings
  8600 | D:8      | Reached skill level 5 in Bows
  8600 | D:8      | Reached skill level 5 in Crossbows
  8600 | D:8      | Reached skill level 5 in Throwing
  8600 | D:8      | Reached skill level 5 in Armour
  8600 | D:8      | Reached skill level 5 in Shields
  8600 | D:8      | Reached skill level 5 in Unarmed Combat
  8600 | D:8      | Reached skill level 5 in Invocations
  8600 | D:8      | Reached skill level 5 in Evocations
  8600 | D:8      | Reached XP level 10. HP: 39/74 MP: 17/22
  8743 | D:8      | Found a shattered altar of Ashenzari.
  8798 | D:8      | Found a roughly hewn altar of Beogh.
  8981 | D:8      | Noticed Joseph
  8996 | D:8      | Upgraded the game from 0.21.0-37-g46506fa5f3 to 0.21.1
  9113 | D:8      | Killed Joseph
  9113 | D:8      | Reached skill level 9 in Spellcasting
  9726 | D:8      | Gained mutation: You are somewhat unskilled. (-1 Apt) [Ru sacrifice]
  9726 | D:8      | Reduced skill Spellcasting to level 8
  9726 | D:8      | Reached * piety under Ru
  9726 | D:8      | Reached ** piety under Ru
 10414 | D:9      | Found an ornate altar of the Wu Jian Council.
 10530 | D:9      | Reached skill level 5 in Fighting
 10530 | D:9      | Reached skill level 5 in Short Blades
 10530 | D:9      | Reached skill level 5 in Long Blades
 10530 | D:9      | Reached skill level 5 in Axes
 10530 | D:9      | Reached skill level 5 in Maces & Flails
 10530 | D:9      | Reached skill level 5 in Polearms
 10530 | D:9      | Reached skill level 5 in Staves
 10530 | D:9      | Reached skill level 5 in Slings
 10530 | D:9      | Reached skill level 5 in Bows
 10530 | D:9      | Reached skill level 5 in Crossbows
 10530 | D:9      | Reached skill level 5 in Throwing
 10530 | D:9      | Reached skill level 5 in Armour
 10530 | D:9      | Reached skill level 5 in Shields
 10530 | D:9      | Reached skill level 5 in Unarmed Combat
 10530 | D:9      | Reached skill level 5 in Evocations
 10888 | D:9      | Noticed a two-headed ogre
 10902 | D:9      | Killed a two-headed ogre
 10902 | D:9      | Reached XP level 11. HP: 80/80 MP: 15/23
 11333 | D:10     | Entered Level 10 of the Dungeon
 11613 | D:10     | Noticed Erica
 11642 | D:10     | Reached skill level 5 in Conjurations
 11642 | D:10     | Reached skill level 5 in Summonings
 11642 | D:10     | Reached skill level 5 in Translocations
 11868 | D:10     | Killed Erica
 11957 | D:10     | Found a staircase to the Lair.
 12570 | Lair:1   | Entered Level 1 of the Lair of Beasts
 12592 | Lair:1   | Noticed newuser's ghost (journeyman HuAr)
 12644 | D:10     | Gained mutation: You take slightly more damage. (AC -5) [Ru sacrifice]
 12644 | D:10     | Reached *** piety under Ru
 13009 | D:11     | Noticed a two-headed ogre
 13140 | D:10     | Killed a two-headed ogre
 13677 | D:11     | Noticed a cyclops
 13698 | D:11     | Killed a cyclops
 13698 | D:11     | Reached skill level 9 in Spellcasting
 13794 | D:11     | Noticed a purple ugly thing
 13807 | D:11     | Killed a purple ugly thing
 13807 | D:11     | Reached skill level 5 in Hexes
 13807 | D:11     | Reached skill level 5 in Charms
 13807 | D:11     | Reached skill level 5 in Necromancy
 13807 | D:11     | Reached skill level 5 in Transmutations
 13807 | D:11     | Reached skill level 5 in Fire Magic
 13807 | D:11     | Reached skill level 5 in Ice Magic
 13807 | D:11     | Reached skill level 5 in Air Magic
 13807 | D:11     | Reached skill level 5 in Earth Magic
 13807 | D:11     | Reached skill level 5 in Poison Magic
 14006 | D:11     | Noticed Maurice
 14047 | D:11     | Killed Maurice
 14094 | D:11     | Noticed a brown ugly thing
 14106 | D:11     | Killed a brown ugly thing
 14106 | D:11     | Reached XP level 12. HP: 76/88 MP: 20/25
 14285 | D:10     | Reached XP level 13. HP: 95/95 MP: 26/26
 14343 | Lair:1   | Killed newuser's ghost
 15564 | Lair:2   | Gained mutation: You cannot be stealthy. [Ru sacrifice]
 15564 | Lair:2   | Reached **** piety under Ru
 15738 | Lair:2   | Found a frozen archway.
 15771 | IceCv    | Entered an ice cave
 16851 | IceCv    | Found an ancient bone altar of Kikubaaqudgha.
 18267 | D:10     | Learned a level 6 spell: Bolt of Cold
 18273 | D:10     | Learned a level 5 spell: Metabolic Englaciation
 18278 | D:10     | Learned a level 4 spell: Summon Ice Beast
 18283 | D:10     | Learned a level 4 spell: Throw Icicle
 19472 | Lair:3   | Gained mutation: Your casting is slightly disrupted. [Ru sacrifice]
 19472 | Lair:3   | Reached ***** piety under Ru
 19698 | Lair:3   | Noticed Urug
 20037 | Lair:2   | Killed Urug
 20037 | Lair:2   | Reached skill level 10 in Spellcasting
 20923 | Lair:4   | Found a staircase to the Snake Pit.
 21105 | Lair:4   | Reached XP level 14. HP: 38/104 MP: 9/28
 21117 | Lair:4   | Found a staircase to the Shoals.
 21120 | Lair:4   | Found a labyrinth entrance.
 21163 | Lab      | Entered a labyrinth
 21279 | Lab      | Gained mutation: You are hated by all. [Ru sacrifice]
 21279 | Lab      | Reached ****** piety under Ru
 22010 | Lab      | Identified Sif Muna's Guide on Assistive Snow
 22031 | Lab      | Got an iridescent great mace
 22044 | Lab      | Identified the cursed +1 great mace "Grum" {crush, rPois rF+} (You found it in a labyrinth)
 25017 | Lair:6   | Entered Level 6 of the Lair of Beasts
 25100 | Lair:6   | Found a staircase to the Slime Pits.
 26566 | Lair:6   | Reached XP level 15. HP: 65/112 MP: 27/29
 26962 | Lair:6   | Got an ancient hand axe
 26965 | Lair:6   | Identified the cursed +2 hand axe "With Two Names" {flame, rPois rN++ MP-9 SInv} (You found it on level 6 of the Lair of Beasts)
 27711 | Lair:6   | Found a large runed door.
 27712 | Lair:6   | Found a large runed door.
 29352 | D:12     | Found a staircase to the Orcish Mines.
 29375 | D:12     | Found a roughly hewn altar of Beogh.
 30037 | Shoals:1 | Entered Level 1 of the Shoals
 30051 | Shoals:1 | Reached skill level 11 in Spellcasting
 30366 | Shoals:1 | Reached skill level 10 in Dodging
 31120 | Shoals:1 | Reached skill level 10 in Invocations
 31619 | Snake:1  | Entered Level 1 of the Snake Pit
 33219 | Snake:1  | Noticed Aizul
 33240 | Snake:1  | Killed from afar by Aizul

Skill      XL: |  1  2  3  4  5  6  7  8  9 10 11 12 13 14 15 |
---------------+----------------------------------------------+-----
Conjurations   | 2 3 4 5 6 7 8 |  8.1
Summonings     | 2 3 4 5 6 7 8 |  8.1
Translocations | 2 3 4 5 6 7 8 |  8.1
Invocations    | 1 2 3 4 5 6 7 8 9 10 | 10.1
Fighting       | 1 2 3 5 5 6 7 8 9 |  9.3
Short Blades   | 1 2 3 5 5 6 7 8 9 |  9.3
Long Blades    | 1 2 3 5 5 6 7 8 9 |  9.3
Axes           | 1 2 3 5 5 6 7 8 9 |  9.3
Maces & Flails | 1 2 3 5 5 6 7 8 9 |  9.3
Polearms       | 1 2 3 5 5 6 7 8 9 |  9.3
Staves         | 1 2 3 5 5 6 7 8 9 |  9.3
Slings         | 1 2 3 5 5 6 7 8 9 |  9.3
Bows           | 1 2 3 5 5 6 7 8 9 |  9.3
Crossbows      | 1 2 3 5 5 6 7 8 9 |  9.3
Throwing       | 1 2 3 5 5 6 7 8 9 |  9.3
Armour         | 1 2 3 5 5 6 7 8 9 |  9.3
Shields        | 1 2 3 5 5 6 7 8 9 |  9.3
Unarmed Combat | 1 2 3 5 5 6 7 8 9 |  9.3
Evocations     | 1 2 3 5 5 6 7 8 9 |  9.3
Hexes          | 1 2 3 4 5 6 7 |  7.8
Charms         | 1 2 3 4 5 6 7 |  7.8
Necromancy     | 1 2 3 4 5 6 7 |  7.8
Transmutations | 1 2 3 4 5 6 7 |  7.8
Fire Magic     | 1 2 3 4 5 6 7 |  7.8
Ice Magic      | 1 2 3 4 5 6 7 |  7.8
Air Magic      | 1 2 3 4 5 6 7 |  7.8
Earth Magic    | 1 2 3 4 5 6 7 |  7.8
Poison Magic   | 1 2 3 4 5 6 7 |  7.8
Dodging        | 5 6 6 7 8 9 10 | 10.2
Stealth        | 5 6 7 0 |  0.0
Spellcasting   | 8 8 9 10 11 | 11.2

Action                   |  1- 3 |  4- 6 |  7- 9 | 10-12 | 13-15 || total
-------------------------+-------+-------+-------+-------+-------++-------
Melee: Mace              |     7 |       |   279 |       |       ||   286
       Bite              |     3 |     2 |    24 |    54 |   200 ||   283
       Dagger            |    28 |    15 |       |       |       ||    43
       Unarmed           |       |    10 |     6 |       |       ||    16
       Spear             |       |       |    23 |   712 |   653 ||  1388
       Staff             |       |       |     5 |       |       ||     5
       Hunting sling     |       |       |     3 |       |       ||     3
       Trident           |       |       |       |       |  2130 ||  2130
       Hand axe          |       |       |       |       |    15 ||    15
 Fire: Hunting sling     |    25 |       |    25 |     1 |       ||    51
       Blowgun           |       |       |       |       |    12 ||    12
Throw: Stone             |     5 |       |       |       |       ||     5
 Cast: Magic Dart        |    63 |    10 |   182 |   191 |   148 ||   594
       Conjure Flame     |     8 |       |     7 |    28 |   109 ||   152
       Mephitic Cloud    |     1 |     1 |    14 |    31 |    49 ||    96
       Blink             |       |       |     8 |    34 |    39 ||    81
       Slow              |       |       |       |     1 |     2 ||     3
       Throw Icicle      |       |       |       |       |   276 ||   276
       Summon Ice Beast  |       |       |       |       |     1 ||     1
       Metabolic Englaci |       |       |       |       |     1 ||     1
Invok: Reject Sacrifices |       |       |     1 |       |       ||     1
       Sacrifice Skill   |       |       |       |     1 |       ||     1
       Draw Out Power    |       |       |       |     1 |    20 ||    21
       Sacrifice Health  |       |       |       |     1 |       ||     1
       Power Leap        |       |       |       |       |    18 ||    18
       Sacrifice Essence |       |       |       |       |     1 ||     1
       Sacrifice Stealth |       |       |       |       |     1 ||     1
       Sacrifice Love    |       |       |       |       |     1 ||     1
       Apocalypse        |       |       |       |       |     1 ||     1
Evoke: Wand              |       |       |       |       |    32 ||    32
  Use: Scroll            |       |       |     4 |    11 |    26 ||    41
       Potion            |       |       |       |     2 |     6 ||     8
 Stab: Confused          |     1 |     2 |     8 |    15 |    35 ||    61
       Sleeping          |     1 |       |     4 |       |       ||     5
       Distracted        |       |       |       |     1 |    10 ||    11
       Paralysed         |       |       |       |       |    33 ||    33
       Invisible         |       |       |       |       |    20 ||    20
       Petrified         |       |       |       |       |     2 ||     2
  Eat: Chunk             |     1 |       |    16 |    13 |    61 ||    91
       Ration            |     1 |       |     1 |     2 |     4 ||     8
Armor: Robe              |    12 |     1 |       |       |       ||    13
       Skin              |       |     1 |       |       |       ||     1
       Leather armour    |       |       |    95 |       |       ||    95
       Ring mail         |       |       |    26 |    44 |   329 ||   399
Dodge: Dodged            |    34 |    10 |   227 |   131 |   770 ||  1172
Block: Buckler           |     1 |     2 |    66 |    63 |   299 ||   431
